 Dungeon Crawl Stone Soup version 0.19-a0-1051-gdb7e7f8 (webtiles) character file.

469 FitzyFitz the Chiller (level 7, -2/46 HPs)
             Began as a Merfolk Ice Elementalist on Aug 1, 2016.
             Slain by an orc priest (5 damage)
             ... on level 4 of the Dungeon.
             The game lasted 00:12:41 (3809 turns).

FitzyFitz the Chiller (Merfolk Ice Elementalist)    Turns: 3809, Time: 00:12:41

Health: -2/46      AC:  6    Str:  9    XL:     7   Next: 9%
Magic:  10/10      EV: 12    Int: 16    God:
Gold:   285        SH:  0    Dex: 14    Spells: 3 memorised, 4 levels left

rFire  . . .     SeeInvis .     a - +0 spear
rCold  . . .     Gourm    .     v - +0 leather armour (curse)
rNeg   . . .     Faith    .     (no shield)
rPois  +         Spirit   .     (no helmet)
rElec  .         Dismiss  .     (no cloak)
rCorr  .         Reflect  .     k - +0 pair of gloves
SustAt .         Harm     .     h - +1 pair of boots
MR     .....                    (no amulet)
Stlth  ++........               (no ring)
                                H - ring of poison resistance

@: lethally poisoned (-2 -> -9), not resistant to hostile enchantments,
unstealthy
A: change form in water, swift swim
a: no special abilities


You were on level 4 of the Dungeon.
You were not hungry.

You visited 1 branch of the dungeon, and saw 4 of its levels.

You collected 285 gold pieces.

Inventory:

Hand Weapons
 a - a +0 spear (weapon)
 b - a +0 hunting sling
 y - a +0 blowgun
 D - a cursed -3 hunting sling
Missiles
 d - 193 stones
 i - a throwing net
 r - 15 sling bullets
 t - 49 poisoned needles
 w - 7 poisoned javelins (quivered)
Armour
 g - a +0 shield
 h - a +1 pair of boots (worn)
 j - a +0 robe
 k - a +0 pair of gloves (worn)
 v - a cursed +0 leather armour (worn)
Jewellery
 s - an uncursed ring of fire
 H - a ring of poison resistance (left hand)
Wands
 e - a wand of lightning (4/15)
Scrolls
 f - 2 scrolls of teleportation
 m - 2 scrolls of fog
 q - a scroll of enchant armour {unknown}
 u - a scroll of amnesia {unknown}
 x - a scroll of identify {unknown}
 z - a scroll of enchant weapon {unknown}
 B - a scroll of immolation {unknown}
 E - a scroll of magic mapping {unknown}
 F - a scroll of recharging {unknown}
Potions
 o - a potion of flight
Books
 n - a book of Frost

   Spells                             Type                      Level
   a - Freeze                         Ice                          1
   b - Throw Frost                    Conjuration/Ice              2
   c - Ozocubu's Armour               Charms/Ice                   3
   d - Throw Icicle                   Conjuration/Ice              4
   e - Summon Ice Beast               Ice/Summoning                4
Comestibles
 c - 2 bread rations
 l - 2 meat rations


   Skills:
 + Level 4.4 Polearms
 - Level 2.6 Dodging
 - Level 2.1 Stealth
 - Level 2.0 Spellcasting
 - Level 0.7 Conjurations
 + Level 3.8 Charms
 + Level 6.5 Ice Magic


You had 4 spell levels left.
You knew the following spells:

 Your Spells              Type           Power        Failure   Level  Hunger
a - Freeze                Ice            ###.         1%          1    #......
b - Throw Frost           Conj/Ice       ##....       12%         2    ###....
c - Ozocubu's Armour      Chrm/Ice       ###.....     12%         3    ###....


Dungeon Overview and Level Annotations

Branches:
Dungeon (4/15)
 Temple: D:4-7

Altars:
The Shining One

Annotations:
D:3 fish's ghost, amateur KoMo
D:4 Natasha


Message History

You feel a little less mighty now.
You feel a little less clever now.
* * * LOW HITPOINT WARNING * * *
You feel sick. The crimson imp hits you.
* * * LOW HITPOINT WARNING * * *
You hit the orc priest but do no damage.
The orc priest is heavily wounded.
* * * LOW HITPOINT WARNING * * *
You feel sick.
The orc priest hits you but does no damage.
The crimson imp hits you.
* * * LOW HITPOINT WARNING * * *
You closely miss the orc priest.
The orc priest is heavily wounded.
* * * LOW HITPOINT WARNING * * *
You feel sick.
The orc priest miscasts a cantrip.
You hit the orc priest.
The orc priest is severely wounded.
The crimson imp misses you. The orc priest hits you.
You die...

### #.##############.###
#......#...........#
...######.#.#######.####
.....ho@5..........>....
.#..#####.#.#######.#...
###.#.# ##...##
#..o....#+######......
#.o####.......##.##...
#............##.....#
###.......######.#
#.................
#.................


You could see an orc priest, Natasha and a crimson imp.

Vanquished Creatures
  A phantom (D:4)
  A hound (D:4)
  2 orc priests
  5 orc wizards
  8 adders
  2 oozes (D:2)
  A worm (D:2)
  2 dart slugs (D:3)
  2 giant geckos (D:2)
  11 orcs
  4 giant cockroaches
  6 goblins
  3 hobgoblins
  A quokka (D:1)
  A ball python (D:2)
  8 bats
  2 giant newts (D:1)
  7 kobolds
  9 rats
  A plant (D:2)
77 creatures vanquished.

Notes
Turn   | Place    | Note
-------+----------+-------------------------------------------
     0 | D:1      | FitzyFitz the Merfolk Ice Elementalist began the quest for the Orb.
     0 | D:1      | Reached XP level 1. HP: 13/13 MP: 3/3
   514 | D:1      | Reached XP level 2. HP: 18/19 MP: 5/5
   596 | D:1      | Reached skill level 4 in Ice Magic
   828 | D:1      | Learned a level 2 spell: Throw Frost
  1225 | D:2      | Reached XP level 3. HP: 20/24 MP: 2/6
  1537 | D:2      | Reached skill level 5 in Ice Magic
  1546 | D:2      | Learned a level 3 spell: Ozocubu's Armour
  1701 | D:2      | Reached XP level 4. HP: 30/30 MP: 7/7
  2044 | D:3      | Reached skill level 1 in Charms
  2340 | D:2      | Reached skill level 1 in Polearms
  2340 | D:2      | Reached XP level 5. HP: 21/35 MP: 0/8
  2798 | D:3      | Noticed fish's ghost (amateur KoMo)
  2863 | D:4      | Reached skill level 6 in Ice Magic
  2863 | D:4      | Reached XP level 6. HP: 39/41 MP: 9/9
  2911 | D:4      | Noticed a phantom
  2949 | D:4      | Killed a phantom
  3315 | D:3      | Found a glowing golden altar of the Shining One.
  3585 | D:3      | Reached XP level 7. HP: 46/46 MP: 7/10
  3795 | D:4      | Noticed Natasha
  3808 | D:4      | HP: 2/46 [poisoned by an orc wizard]
  3809 | D:4      | Slain by an orc priest

Vault maps used:
D:1:      dpeg_arrival_oval
D:2:      serial_forest, infiniplex_forest_clump_medium,
          infiniplex_forest_end_1, infiniplex_forest_pool,
          infiniplex_forest_lined_4_way, infiniplex_forest_clump_diagonal,
          infiniplex_forest_corner_2, infiniplex_forest_straight_4,
          minmay_fountain_box, st_stairs_11
D:3:      tso_metal_star
D:4:      first_bread, st_stairs_11, uniq_natasha

Skill      XL: |  1  2  3  4  5  6 |
---------------+-------------------+-----
Ice Magic      | 4 5 6 |  6.5
Charms         | 1 2 3 |  3.8
Polearms       | 1 2 4 |  4.4
Dodging        | |  2.6
Stealth        | |  2.1
Spellcasting   | |  2.0
Conjurations   | |  0.7

Action                   |  1- 3 |  4- 6 |  7- 9 || total
-------------------------+-------+-------+-------++-------
Melee: Mace              |     9 |       |       ||     9
       Spear             |    82 |   290 |    27 ||   399
       Unarmed           |     1 |       |       ||     1
 Fire: Hunting sling     |     7 |    16 |       ||    23
Throw: Stone             |     1 |       |       ||     1
       Javelin           |       |    14 |       ||    14
 Cast: Freeze            |     5 |    12 |     1 ||    18
       Ozocubu's Armour  |     1 |     6 |     1 ||     8
       Throw Frost       |       |     3 |       ||     3
  Use: Scroll            |       |     2 |       ||     2
       Potion            |       |     4 |     4 ||     8
 Stab: Sleeping          |     2 |     1 |       ||     3
  Eat: Chunk             |     3 |     8 |     1 ||    12
Armor: Robe              |    25 |       |       ||    25
       Leather armour    |     7 |    70 |    11 ||    88
       Skin              |       |     6 |       ||     6
Dodge: Dodged            |    66 |   141 |    11 ||   218
